 Dungeon Crawl Stone Soup version 0.30-a0-458-g86641cc369 (webtiles) character file.

Game seed: 13341367265890747223

268 HoaS the Skirmisher (level 6, -2/35 HPs)
             Began as a Kobold Hunter on Dec 14, 2022.
             Slain by Grinder (7 damage)
             ... on level 4 of the Dungeon.
             The game lasted 00:04:24 (2436 turns).

HoaS the Skirmisher (Kobold Hunter)                 Turns: 2436, Time: 00:04:25

Health: -2/35      AC:  3    Str:  8    XL:     6   Next: 45%
Magic:  6/6        EV: 18    Int: 11    God:
Gold:   209        SH:  0    Dex: 20    Spells: 5/5 levels left

rFire   + . .      SeeInvis .    a - +0 shortbow
rCold   . . .      Faith    .    (shield currently unavailable)
rNeg    . . .      Spirit   .    n - +0 leather armour {rF+}
rPois   .          Reflect  .    (no helmet)
rElec   .          Harm     .    (no cloak)
rCorr   .          Rampage  .    (no gloves)
Will    .....                    (no boots)
Stlth   +++.......               (no amulet)
HPRegen 0.25/turn                k - +4 ring of slaying
MPRegen 0.10/turn                h - +4 ring of evasion

@: no status effects
A: small, no large weapons, nightstalker 3
a: no special abilities


You were on level 4 of the Dungeon.
You visited 1 branch of the dungeon, and saw 4 of its levels.

You collected 209 gold pieces.

Inventory:

Hand Weapons
 a - a +0 shortbow (weapon)
Armour
 n - a +0 leather armour of fire resistance (worn)
Jewellery
 c - a +4 ring of slaying
 h - a +4 ring of evasion (right hand)
 j - a ring of fire
 k - a +4 ring of slaying (left hand)
 m - a +6 ring of dexterity
Scrolls
 b - a scroll of immolation
 e - 4 scrolls of blinking
 f - 5 scrolls of identify
 g - a scroll of fog
 l - 2 scrolls of teleportation
Potions
 d - 2 potions of heal wounds
 i - 2 potions of curing


   Skills:
 - Level 2.1 Fighting
 + Level 9.6 Ranged Weapons
 - Level 2.4 Dodging
 - Level 1.3 Stealth


You had 5 spell levels left.
You didn't know any spells.
Your spell library contained the following spells:

 Spells                   Type           Power      Damage    Failure   Level
 Freeze                   Ice            0%         1d3       45%         1
 Frozen Ramparts          Ice            0%         1d1       83%         3
 Gell's Gravitas          Tloc           0%         N/A       83%         3
 Hailstorm                Conj/Ice       0%         3d3       83%         3
 Lesser Beckoning         Tloc           0%         N/A       83%         3
 Teleport Other           Tloc           0%         N/A       83%         3


Dungeon Overview and Level Annotations

Branches:
Dungeon (4/15)
 Temple: D:4-7

Altars:

Shops:
D:1 ?

Annotations:
D:4 Grinder


Innate Abilities, Weirdness & Mutations

You are small and have problems with some larger weapons.
You are completely attuned to the shadows.


Message History

Grinder is lightly wounded.
Grinder blinks!
You shoot an arrow. The arrow hits the necrophage!
The necrophage is moderately damaged.
You shoot an arrow. The arrow hits the necrophage!
The necrophage is almost destroyed.
You shoot an arrow.
The arrow closely misses the necrophage.
Grinder hits you but does no damage. The necrophage misses you.
You shoot an arrow. The arrow hits the necrophage!
You destroy the necrophage!
Grinder misses you.
You shoot an arrow. The arrow hits Grinder!
Grinder is moderately wounded.
Grinder says, "At least Makhleb appreciates what I'm doing."
Grinder misses you.
You shoot an arrow. The arrow hits Grinder.
Grinder is heavily wounded.
Grinder says, "I used to sell toenails on the black market."
Grinder misses you.
You shoot an arrow. The arrow barely misses Grinder.
Grinder says, "Wait up."
Grinder gestures at you.
You suddenly lose the ability to move!
Grinder hits you.
You writhe in agony.
Grinder hits you! Grinder hits you.
You writhe in agony.
Grinder gestures at you.
You barely resist.
You can move again.
You shoot an arrow. The arrow barely misses Grinder.
Grinder hits you!
* * * LOW HITPOINT WARNING * * *
You shoot an arrow. The arrow hits Grinder.
Grinder is severely wounded.
Grinder completely misses you.
You shoot an arrow.
The arrow hits Grinder but does no damage.
Grinder is severely wounded.
Grinder hits you!
You die...

..................
..................
..................
............#.##.
...........##.###
...........###..##
...........#
#...##
....##...$.#
###5.# ##....#
#@.# ##5..##.....#
..#..## . #.## ..


You could see Grinder.

Vanquished Creatures
  A necrophage (D:4)
  A scorpion (D:2)
  2 hounds (D:4)
  An adder (D:3)
  A worm (D:2)
  3 dart slugs
  3 orcs
  8 endoplasms
  3 giant cockroaches
  9 hobgoblins
  6 kobolds
  2 quokkas
  7 ball pythons
  4 bats
  4 frilled lizards
  10 goblins
  8 rats
73 creatures vanquished.

Notes
Turn   | Place    | Note
-------+----------+-------------------------------------------
     0 | D:1      | HoaS the Kobold Hunter began the quest for the Orb.
     0 | D:1      | Reached XP level 1. HP: 12/12 MP: 1/1
   297 | D:1      | Reached XP level 2. HP: 17/17 MP: 2/2
   316 | D:1      | Found Xaona's Magic Scroll Emporium.
   355 | D:1      | Reached skill level 6 in Ranged Weapons
  1033 | D:2      | Reached XP level 3. HP: 16/21 MP: 3/3
  1466 | D:2      | Reached skill level 7 in Ranged Weapons
  1500 | D:2      | Reached XP level 4. HP: 26/26 MP: 4/4
  1536 | D:2      | Noticed a scorpion
  1540 | D:2      | Killed a scorpion
  1541 | D:2      | Reached skill level 8 in Ranged Weapons
  1541 | D:2      | Reached XP level 5. HP: 30/30 MP: 5/5
  2329 | D:4      | Reached skill level 9 in Ranged Weapons
  2329 | D:4      | Reached XP level 6. HP: 35/35 MP: 6/6
  2407 | D:4      | Noticed Grinder
  2429 | D:4      | Paralysed by Grinder for 5 turns
  2436 | D:4      | Slain by Grinder

Illustrated notes

Levels and vault maps discovered:
D:1:      dpeg_cavernosity, layout_loops_ring, serial_shops, shop,
          corexii_leaking_fountain
D:2:      layout_basic, minmay_misc_feat_pillars, minmay_divided_ellipse
D:3:      layout_rooms
D:4:      layout_cave_pools, lemuel_zombie_altar_yredelemnul, uniq_grinder

Skill      XL: |  1  2  3  4  5 |
---------------+----------------+-----
Ranged Weapons | 6 7 8 9 |  9.6
Fighting       | |  2.1
Dodging        | |  2.4
Stealth        | |  1.3

Action                   |  1- 3 |  4- 6 || total
-------------------------+-------+-------++-------
 Fire: Shortbow          |    93 |    59 ||   152
  Use: Scroll            |     6 |     3 ||     9
Armor: Leather armour    |    11 |     3 ||    14
Dodge: Dodged            |    25 |    14 ||    39

Table legend: (Time is in decaauts)
 A = Elapsed time spent in this place.
 B = Non-inter-level travel time spent in this place.
 C = Inter-level travel time spent in this place.
 D = Time resting spent in this place.
 E = Time spent auto-exploring this place.
 F = Levels seen in this place.
 G = Mean time per level.
                   A        B        C        D        E       F      G
               +--------+--------+--------+--------+--------+-----+--------+
         Total |   2463 |   2264 |    199 |     53 |   1884 |   4 |  615.8 |
       Dungeon |   2463 |   2264 |    199 |     53 |   1884 |   4 |  615.8 |
               +--------+--------+--------+--------+--------+-----+--------+

Top non-repeatable levels by time:
     D:1: 959 daAuts
     D:2: 842 daAuts
     D:3: 473 daAuts
     D:4: 188 daAuts
